 Dungeon Crawl Stone Soup version 0.27.1-3-gb3d3a73c9e (webtiles) character file.

Game seed: 637158354138922227

1992 styxcanada the Covert (level 9, -4/42 (44) HPs)
             Began as a Spriggan Brigand on Oct 15, 2021.
             Was an Initiate of Gozag.
             Killed from afar by Harold (12 damage)
             ... with a harpoon shot
             ... on level 7 of the Dungeon.
             The game lasted 00:34:55 (7579 turns).

styxcanada the Covert (Spriggan Brigand)            Turns: 7579, Time: 00:34:56

HP:   -4/42 (44)    AC:  5    Str:  7    XL:     9   Next: 1%
MP:   9/16          EV: 20    Int: 13    God:    Gozag
Gold: 685           SH:  5    Dex: 19    Spells: 13/16 levels left

rFire    . . .     SeeInvis +   m - +3 hunting sling (freeze)
rCold    + . .     Faith    .   (shield restricted)
rNeg     . . .     Spirit   .   b - +0 robe
rPois    .         Reflect  +   x - +2 hat
rElec    .         Harm     .   c - +0 cloak
rCorr    .         Rampage  .   (gloves unavailable)
Will     +....                  (boots unavailable)
Stlth    +++++.....             p - amulet of reflection
HPRegen  0.14/turn              q - ring of protection from cold
MPRegen  0.15/turn              (no ring)

@: marked, lightly drained, very quick
A: very small, no large weapons, unfitting armour, see invisible, speed 3
a: Renounce Religion, Potion Petition, Call Merchant, Bribe Branch


You were on level 7 of the Dungeon.
You worshipped Gozag.
Gozag was pleased with you.
You visited 2 branches of the dungeon, and saw 8 of its levels.

You collected 747 gold pieces.
You paid 62 gold pieces to Gozag.

Inventory:

Hand Weapons
 a - a +2 dagger
 f - a +3 dagger of draining
 m - a +3 hunting sling of freezing (weapon)
Missiles
 d - 3 poisoned darts
 k - 220 stones
 n - 11 sling bullets (quivered ammo)
 y - a curare-tipped dart
Armour
 b - a +0 robe (worn)
 c - a +0 cloak (worn)
 x - a +2 hat (worn)
Jewellery
 j - a ring of protection from cold
 p - an amulet of reflection (around neck)
 q - a ring of protection from cold (left hand)
Scrolls
 h - 4 scrolls of teleportation
 o - 3 scrolls of amnesia
 v - a scroll of immolation
Potions
 e - a potion of invisibility
 g - a potion of attraction {unknown}
 i - 2 potions of curing
 l - a potion of heal wounds
 r - a potion of cancellation
 s - a potion of haste
 t - 2 potions of resistance
 u - a potion of ambrosia
 w - 2 potions of might
 z - a potion of flight {unknown}


   Skills:
 + Level 3.2 Fighting
 + Level 3.6 Short Blades
 + Level 4.0(4.9) Slings
 + Level 3.4(4.1) Throwing
 * Level 4.8 Dodging
 * Level 10.0 Stealth
 * Level 1.6 Shields
 * Level 4.4 Spellcasting
 * Level 3.4 Transmutations
 * Level 2.9 Air Magic
 * Level 3.3 Poison Magic


You had 13 spell levels left.
You knew the following spells:

 Your Spells              Type           Power      Damage    Failure   Level
a - Sting                 Tmut/Pois      44%        1d5       4%          1
b - Poisonous Vapours     Pois/Air       22%        N/A       9%          2

Your spell library contained the following spells:

 Spells                   Type           Power      Damage    Failure   Level
 Wereblood                Tmut           11%        N/A       7%          2
 Corpse Rot               Necr/Air       N/A        N/A       16%         2
 Freeze                   Ice            8%         1d3       21%         1
 Pain                     Necr           8%         1d4       21%         1
 Sublimation of Blood     Necr           1%         N/A       30%         2
 Olgreb's Toxic Radiance  Pois           11%        N/A       45%         4
 Frozen Ramparts          Ice            4%         1d2       52%         3
 Hailstorm                Conj/Ice       2%         3d3       89%         4
 Freezing Cloud           Conj/Ice/Air   2%         6-21      98%         5
 Agony                    Necr           2%         N/A       99%         5
 Excruciating Wounds      Necr           1%         N/A       99%         5
 Summon Hydra             Summ           1%         N/A       100%        7


Dungeon Overview and Level Annotations

Branches:
Dungeon (7/15)             Temple (1/1) D:4

Altars:
Ashenzari
Cheibriados
Elyvilon
Gozag
Hepliaklqana
Kikubaaqudgha
Makhleb
Qazlal
Ru
Trog
Uskayaw
Wu Jian
Xom
The Shining One

Shops:
D:3 (

Annotations:
D:3 3 runed translucent doors, Urokeeper's ghost, amateur KoBr
D:7 Harold


Innate Abilities, Weirdness & Mutations

You are very small and have problems with some larger weapons.
You are too small for most types of armour.
You have supernaturally acute eyesight. (SInv)
You cover ground extremely quickly. (Speed+++)


Message History

You see here a sling bullet.
Harold fires a harpoon shot at you. The harpoon shot hits you!
* * * LOW HITPOINT WARNING * * *
You are yanked forward by the harpoon shot.
Harold fires a harpoon shot at you.
The harpoon shot reflects off an invisible shield around you!
The harpoon shot hits Harold!
Harold casts a spell at you. The mark upon you grows brighter.
There is a stone staircase leading up here.
Casting: Sting (safe; 4% risk of failure)
Confirm with . or Enter, or press ? or * to list all spells.
Aiming: Poisonous Vapours (safe; 9% risk of failure)
Press: ? - help, Dir - move target, f/p - Harold
Aim: Harold, wielding a +0 dire flail and wearing a +0 ring mail (severely wounded, very poisoned) Poisonous vapours surround Harold!
Harold looks even sicker.
Casting: Poisonous Vapours (safe; 9% risk of failure)
Confirm with . or Enter, or press ? or * to list all spells.
Aiming: Poisonous Vapours (safe; 9% risk of failure)
Press: ? - help, Dir - move target, f/p - Harold
Aim: Harold, wielding a +0 dire flail and wearing a +0 ring mail (severely wounded, very poisoned) Poisonous vapours surround Harold!
Harold looks as sick as possible!
The sky beast flickers out of sight for a moment.
Fire: 13 sling bullets
Press: ? - help, Q - select action, (/) - cycle Shift-Dir - straight line, f/p - Harold
Aim: Harold, wielding a +0 dire flail and wearing a +0 ring mail (severely wounded, extremely poisoned, 76% to hit)
You shoot a sling bullet. The sling bullet hits Harold.
The sling bullet freezes Harold.
Harold is almost dead.
Fire: 12 sling bullets
Press: ? - help, Q - select action, (/) - cycle Shift-Dir - straight line, f/p - Harold
Aim: Harold, wielding a +0 dire flail and wearing a +0 ring mail (almost dead, extremely poisoned, 76% to hit)
You shoot a sling bullet. The sling bullet hits Harold.
The sling bullet freezes Harold.
Harold is almost dead.
Harold fires a harpoon shot at you. The harpoon shot hits you!
You die...
Your body crumbles into a pile of gold.

((##.....# ##.#
#.##.....#####..#
#......(..$((...###
.##.......##.##.((#
.##.......##.####.#
.###...........##.#
.####..........##.#
..$###.......z.##.#
#..# #......@.(.@(#
#..# #.....Yz..####
.#.####..#######
.z..#...##
##....##########
..............$.
##...........###
.............#
.##.....######


You could see Harold (extremely poisoned), a sky beast (invisible) and 2 wights.

Vanquished Creatures
  An unseen horror (D:6)
  A water moccasin (D:6)
  A black bear (D:5)
  A necrophage (D:5)
  5 ogres
  A kobold brigand (D:6)
  A phantom (D:5)
  A scorpion (D:4)
  A wight (D:7)
  A bullfrog skeleton (D:6)
  2 bullfrog zombies
  3 hounds
  A centaur skeleton (D:4)
  3 orc priests (D:4)
  2 jellies (D:6)
  3 iguanas
  2 orc wizards (D:4)
  A killer bee zombie (D:6)
  A hound skeleton (D:5)
  3 gnolls (D:5)
  A howler monkey skeleton (D:6)
  7 adders
  A shadow imp (D:6)
  3 ufetubi
  An adder skeleton (D:4)
  3 worms
  2 dart slugs (D:2)
  15 orcs
  3 bats
  6 endoplasms
  5 giant cockroaches
  14 goblins
  4 hobgoblins
  10 jackals
  4 quokkas
  9 ball pythons
  2 frilled lizards (D:2)
  5 kobolds
  2 rats
132 creatures vanquished.

Notes
Turn   | Place    | Note
-------+----------+-------------------------------------------
     0 | D:1      | styxcanada the Spriggan Brigand began the quest for the
                  | Orb.
     0 | D:1      | Reached XP level 1. HP: 10/10 MP: 2/2
    14 | D:1      | Reached skill level 6 in Stealth
   294 | D:1      | Reached XP level 2. HP: 10/15 MP: 3/3
   770 | D:1      | Found a faded altar of an unknown god.
  1077 | D:2      | Reached skill level 7 in Stealth
  1190 | D:2      | Reached XP level 3. HP: 18/18 MP: 4/4
  2352 | D:3      | Reached skill level 1 in Spellcasting
  2396 | D:3      | Found a runed translucent gate.
  2396 | D:3      | Found a runed translucent gate.
  2397 | D:3      | Found a runed translucent gate.
  2398 | D:3      | Noticed Urokeeper's ghost (amateur KoBr)
  2635 | D:3      | Reached XP level 4. HP: 23/23 MP: 6/6
  2651 | D:3      | Found a burning altar of Makhleb.
  2678 | D:3      | Found a hazy altar of Hepliaklqana.
  2778 | D:3      | Found Kiul's Weapon Boutique.
  3378 | D:4      | Reached XP level 5. HP: 23/26 MP: 8/8
  3468 | D:4      | Reached skill level 8 in Stealth
  3726 | D:4      | Learned a level 1 spell: Sting
  3729 | D:4      | Learned a level 2 spell: Poisonous Vapours
  3738 | D:4      | Reached skill level 1 in Slings
  3805 | D:4      | Found a staircase to the Ecumenical Temple.
  3827 | Temple   | Entered the Ecumenical Temple
  3907 | Temple   | Became a worshipper of Gozag Ym Sagoz the Greedy
  4080 | D:4      | Reached XP level 6. HP: 32/32 MP: 8/10
  4165 | D:4      | Reached skill level 1 in Transmutations
  5255 | D:5      | Entered Level 5 of the Dungeon
  5261 | D:5      | Reached skill level 1 in Poison Magic
  5325 | D:5      | Reached skill level 1 in Air Magic
  5557 | D:5      | Reached XP level 7. HP: 34/35 MP: 11/11
  6121 | D:5      | Reached XP level 8. HP: 26/40 MP: 9/14
  6287 | D:6      | Reached skill level 9 in Stealth
  6501 | D:6      | Reached skill level 1 in Shields
  6705 | D:6      | Noticed an unseen horror
  6735 | D:6      | Killed an unseen horror
  7201 | D:6      | Reached skill level 10 in Stealth
  7496 | D:7      | Reached XP level 9. HP: 44/44 MP: 16/16
  7502 | D:7      | Noticed Harold
  7579 | D:7      | Killed from afar by Harold

Illustrated notes

Levels and vault maps discovered:
D:1:      nicolae_arrival_memento_mori, layout_basic,
          shapermc_ecumenical_altar_notcrosses
D:2:      layout_rooms, minivault_4
D:3:      minmay_skewed_foursquare, layout_basic, mainiacjoe_overflow_two_lobes,
          serial_shops, shop, ebering_ghost_rock_garden,
          hangedman_decor_growths, minivault_11, grunt_decor_clamped,
          lightli_corner_chamber
D:4:      layout_basic, minmay_temple_entry_waves, minmay_ogre_servants
D:5:      layout_basic
D:6:      layout_basic
D:7:      layout_rooms, okawaru_ov_weapons_minmay, minmay_manual_moon,
          uniq_harold
Temple:   dpeg_five_rooms_temple

Skill      XL: |  1  2  3  4  5  6  7  8  9 |
---------------+----------------------------+-----
Stealth        | 6 7 8 10 | 10.0
Spellcasting   | 1 2 3 4 |  4.4
Fighting       | 2 3 |  3.2
Dodging        | 2 3 4 |  4.8
Slings         | 1 2 3 4 |  4.0
Short Blades   | 3 |  3.6
Transmutations | 1 2 3 |  3.4
Poison Magic   | 1 2 3 |  3.3
Air Magic      | 1 2 |  2.9
Throwing       | 3 |  3.4
Shields        | 1 |  1.6

Action                   |  1- 3 |  4- 6 |  7- 9 || total
-------------------------+-------+-------+-------++-------
Melee: Dagger            |   121 |   111 |    96 ||   328
 Fire: Hunting sling     |     8 |    22 |    63 ||    93
Throw: Dart              |     7 |    48 |    10 ||    65
       Stone             |       |     3 |     2 ||     5
 Cast: Sting             |       |       |    33 ||    33
       Poisonous Vapours |       |       |     4 ||     4
  Use: Scroll            |     4 |     8 |     4 ||    16
 Stab: Sleeping          |    16 |     6 |     5 ||    27
       Distracted        |       |       |     3 ||     3
Armor: Robe              |    17 |    13 |     8 ||    38
Dodge: Dodged            |   101 |    59 |    58 ||   218
Block: Other             |     1 |    19 |    13 ||    33
       Reflection        |       |       |     3 ||     3
